Map: Lost and Found LE

Players

Light - Winner!

  • Race: Zerg Zerg
  • League: Silver
  • Spawn Location: 7:00

DangrousDave

  • Race: Terran Terran
  • League: Silver
  • Spawn Location: 1:00

VOD

Have the link to the VOD?

Description

Time

  • Played on: June 20, 2018, 5:19 p.m.
  • Length: 16:58
Show
View Real Time Build Order
Export as new Build Order

Light Zerg - Winner!

Build Orders: Pool First 

Get SALT Encoding   

  12  0:01  Drone  
  13  0:08  Drone  
  13  0:12  Extractor  
  13  0:15  Drone  
  15  0:22  Overlord  
  15  0:39  Spawning Pool  
  15  0:41  Drone  
  15  0:44  Drone  
  15  0:48  Drone  
  17  0:55  Drone  
  18  1:15  Hatchery  
  17  1:19  Drone  
  17  1:20  Drone  
  19  1:30  Queen  
  21  1:39  Zergling x2  
  22  1:41  Overlord  
  22  2:06  Extractor  
  21  2:09  Zergling x4  
  23  2:20  Drone  
  24  2:30  Queen  
  24  2:31  Drone  
  27  2:39  Drone  
  27  2:40  Drone x4  
  27  2:43  Extractor  
  31  2:52  Drone x2  
  31  2:54  Overlord  
  33  3:01  Drone  
  33  3:02  Drone  
  35  3:09  Metabolic Boost  
  35  3:17  Drone  
  35  3:18  Drone x4  
  40  3:32  Hatchery  
  37  3:37  Baneling Nest, Drone x2  
  38  3:43  Drone  
  38  3:44  Drone x3  
  38  3:46  Overlord  
  42  3:51  Drone  
  43  4:04  Lair  
  43  4:11  Drone x3  
  43  4:14  Overlord x2  
  46  4:22  Spore Crawler  
  45  4:24  Zergling x6  
  45  4:25  Zergling x2  
  49  4:34  Zergling x6  
  52  4:39  Drone  
  52  4:44  Queen  
  55  4:46  Extractor  
  55  4:47  Zergling x4  
  55  4:48  Zergling x4  
  58  5:01  Overlord  
  58  5:05  Zergling x6  
  61  5:15  Baneling x4  
  61  5:16  Baneling x3  
  61  5:18  Zergling x6  
  61  5:19  Zergling x6  
  67  5:24  Drone x3  
  70  5:29  Hydralisk Den  
  70  5:33  Evolution Chamber  
  56  5:58  Spine Crawler  
  52  6:08  Hydralisk x3  
  52  6:09  Hydralisk x2  
  52  6:10  Hydralisk  
  52  6:11  Hydralisk x2  
  64  6:15  Extractor  
  64  6:17  Drone x2  
  64  6:18  Drone x3, Extractor  
  72  6:22  Overlord x4  
  71  6:28  Spine Crawler  
  71  6:30  Spine Crawler  
  71  6:31  Drone x4  
  73  6:35  Drone  
  73  6:36  Overlord x2  
  74  6:44  Overseer  
  74  7:00  Infestation Pit  
  73  7:09  Hydralisk x6  
  85  7:16  Drone x3  
  85  7:17  Drone, Extractor  
  85  7:22  Drone x6  
  94  7:23  Drone  
  95  7:34  Grooved Spines  
  95  7:35  Zerg Missile Weapons Level 1  
  95  7:43  Spire  
  94  7:51  Hive  
  94  7:58  Drone x3  
  97  7:59  Drone  
  97  8:00  Overlord x3  
  98  8:10  Evolution Chamber  
  97  8:21  Overseer x2  
  98  8:27  Zergling x22  
  108  8:38  Zerg Ground Armor Level 1  
  108  8:41  Hatchery  
  107  8:44  Overlord  
  107  8:45  Overlord x2  
  107  9:03  Greater Spire  
  107  9:05  Corruptor x3  
  107  9:06  Corruptor x5  
  123  9:16  Overlord x4  
  123  9:36  Zerg Missile Weapons Level 2  
  123  9:40  Burrow  
  123  9:43  Baneling x4  
  123  9:56  Hydralisk  
  123  9:57  Hydralisk x3  
  123  9:58  Hydralisk x6  
  143  10:05  Muscular Augments  
  143  10:27  Corruptor  
  143  10:28  Corruptor x2  
  147  10:32  Brood Lord  
  151  10:38  Drone x3  
  151  10:39  Queen  
  156  10:44  Brood Lord  
  158  10:51  Brood Lord  
  160  11:00  Brood Lord  
  162  11:07  Extractor  
  162  11:09  Drone x2  
  162  11:10  Extractor  
  162  11:14  Zerg Ground Armor Level 2  
  162  11:26  Brood Lord  
  165  11:32  Drone  
  165  11:33  Drone x2  
  165  11:36  Overlord  
  165  11:37  Overlord  
  167  11:46  Brood Lord x2  
  171  11:51  Hydralisk  
  171  11:52  Hydralisk x3  
  179  12:00  Zerg Flyer Weapons Level 1  
  179  12:07  Zerg Missile Weapons Level 3  
  179  12:25  Brood Lord x2  
  183  12:30  Zergling x2  
  183  12:31  Zergling x12  
  190  12:38  Drone x2  
  190  12:39  Drone x3  
  195  12:47  Drone  
  157  13:33  Hydralisk x2  
  157  13:34  Hydralisk x22  
  192  14:12  Hydralisk  
  192  14:13  Hydralisk x3  
  200  14:27  Zerg Flyer Armor Level 1  
  200  14:51  Hatchery  
  199  15:34  Overseer  
  165  16:28  Hydralisk  
  165  16:29  Hydralisk x8  
  165  16:30  Hydralisk  
  165  16:31  Overlord x5  
Show
View Real Time Build Order
Export as new Build Order

DangrousDave Terran 

Build Orders:  

Get SALT Encoding   

  12  0:02  SCV  
  13  0:14  SCV  
  13  0:21  Supply Depot  
  14  0:26  SCV  
  16  0:42  SCV  
  16  0:46  Barracks  
  16  0:55  SCV  
  17  0:57  Refinery  
  17  1:07  SCV  
  18  1:18  Supply Depot  
  18  1:19  SCV  
  19  1:31  SCV  
  20  1:34  Marine  
  21  1:43  SCV  
  22  1:52  Marine  
  23  1:55  SCV  
  23  1:58  Refinery  
  23  2:07  SCV  
  24  2:09  Marine  
  25  2:24  Bunker  
  25  2:26  SCV  
  25  2:27  Marine  
  27  2:40  Supply Depot  
  27  2:42  SCV  
  28  2:45  Marine  
  29  2:56  Supply Depot  
  29  2:57  Orbital Command  
  29  3:03  Marine  
  30  3:05  Engineering Bay  
  30  3:21  Factory, Marine  
  31  3:30  Supply Depot  
  31  3:36  SCV  
  31  3:38  Terran Infantry Weapons Level 1, Marine  
  33  3:48  Factory, SCV  
  34  3:56  Marine  
  34  3:57  Barracks  
  34  4:00  SCV  
  36  4:07  Supply Depot  
  36  4:12  SCV  
  36  4:14  Marine  
  38  4:24  SCV  
  38  4:25  Factory Tech Lab  
  39  4:32  Marine  
  39  4:37  Factory Tech Lab  
  39  4:43  Sensor Tower  
  39  4:50  Marine  
  40  4:56  Barracks Tech Lab  
  40  5:01  Siege Tank  
  40  5:03  Siege Tank, Missile Turret  
  46  5:08  Marine  
  47  5:24  Missile Turret  
  47  5:25  Marine  
  48  5:33  Terran Infantry Armor Level 1  
  48  5:46  Missile Turret  
  48  5:52  Supply Depot  
  48  6:03  Bunker  
  48  6:08  Missile Turret  
  48  6:14  Siege Tank x2  
  54  6:26  Combat Shields  
  54  6:33  Supply Depot  
  54  6:35  Barracks Reactor  
  54  6:46  Siege Tank x2  
  60  7:33  Sensor Tower  
  60  7:35  Siege Tank  
  60  7:36  Marine  
  60  7:37  Marine x2  
  66  7:44  Command Center  
  66  7:48  Supply Depot  
  66  7:54  Marine x3  
  69  8:10  Supply Depot  
  69  8:12  Marine x3  
  70  8:13  Armory  
  72  8:20  Starport  
  72  8:30  Marine x3  
  75  8:47  Marine  
  75  8:48  Marine  
  76  8:52  Siege Tank  
  80  8:58  Orbital Command, Barracks  
  80  9:06  Terran Ship Weapons Level 1  
  80  9:21  Supply Depot  
  80  9:33  SCV  
  80  9:34  SCV  
  83  9:45  SCV  
  83  9:46  SCV  
  84  9:57  Command Center, SCV  
  84  9:58  SCV  
  86  10:09  SCV  
  86  10:10  SCV  
  86  10:11  Marine x3  
  86  10:13  Barracks Reactor  
  91  10:20  Terran Infantry Weapons Level 2  
  91  10:22  Sensor Tower, SCV  
  91  10:24  SCV  
  93  10:29  Marine x3  
  93  10:31  Refinery  
  93  10:34  Refinery, SCV  
  97  10:36  SCV  
  98  10:46  SCV  
  98  10:47  Marine x3  
  98  10:49  SCV  
  103  10:58  SCV  
  103  11:00  Terran Vehicle Weapons Level 1  
  104  11:04  Marine  
  104  11:05  Marine x2  
  104  11:06  Supply Depot  
  104  11:07  Starport Reactor  
  107  11:23  Marine  
  108  11:30  Supply Depot  
  108  11:48  Orbital Command  
  108  11:52  Supply Depot  
  108  11:55  Refinery  
  108  11:57  SCV x2  
  110  12:09  SCV x2  
  112  12:15  Supply Depot  
  112  12:33  Viking  
  112  12:34  Viking  
  112  12:35  Terran Infantry Armor Level 2  
  116  12:39  Supply Depot  
  116  12:54  Terran Vehicle And Ship Armor Level 1  
  116  12:56  Marine  
  116  12:57  Marine x2  
  119  13:01  Marine x2  
  119  13:03  Viking  
  119  13:04  Viking  
  125  13:06  Thor x2, Supply Depot  
  137  13:14  Marine, SCV  
  137  13:15  Marine x2, SCV x2  
  137  13:18  Marine  
  137  13:19  Marine  
  139  13:27  SCV  
  97  13:32  Marine  
  97  13:33  Marine x2, Viking  
  97  13:34  Supply Depot, Viking  
  91  13:36  Marine  
  91  13:37  Marine  
  66  13:49  Thor  
  66  13:50  Marine x3  
  66  13:54  Marine  
  66  13:55  Marine  
  69  13:56  Supply Depot  
  69  14:03  Viking  
  69  14:04  Viking  
  69  14:08  Marine x3  
  76  14:12  Marine x2  
  78  14:17  Supply Depot  
  78  14:21  Supply Depot  
  78  14:26  Marine x3  
  78  14:30  Marine x2  
  83  14:33  Viking x2  
  87  14:43  Marine  
  87  14:44  Marine x2  
  90  14:47  Marine  
  90  14:48  Marine  
  79  15:01  Marine  
  79  15:02  Marine x2  
  79  15:03  Viking x2  
  79  15:05  Marine  
  79  15:06  Marine  
  82  15:19  Marine x2  
  82  15:20  Marine  
  83  15:23  Marine  
  83  15:24  Marine  
  85  15:33  Viking  
  87  15:37  Marine x3  
  87  15:41  Marine x2  
  92  15:55  Marine x3  
  95  15:59  Marine x2  
  70  16:12  Marine  
  70  16:13  Marine  
  27  16:26  Marine  
  27  16:27  Marine x2  
Tags
 
Add a new tag
Caveats
  • Supply blocks, unpowered buildings, or Contaminate may cause inaccurate times.
  • Supply counts are checked every 10 seconds.